 Dungeon Crawl Stone Soup version 0.31-a0-188-g5e087ee2ca (webtiles) character file.

Game seed: 6171586743489810110

184 qw the Skirmisher (level 5, -7/29 HPs)
             Began as a Deep Elf Hunter on June 23, 2023.
             Killed by divine providence
             ... invoked by an orc priest
              (14 damage)
             ... on level 3 of the Dungeon.
             The game lasted 00:00:51 (2253 turns).

qw the Skirmisher (Deep Elf Hunter)                 Turns: 2253, Time: 00:00:51

Health: -7/29      AC:  5    Str: 10    XL:     5   Next: 36%
Magic:  7/7        EV: 11    Int: 14    God:
Gold:   153        SH:  0    Dex: 18    Spells: 4/4 levels left

rFire   . . .        Y - +0 orcbow
rCold   . . .        (shield currently unavailable)
rNeg    + . .        i - +0 ring mail
rPois   +            (no helmet)
rElec   .            (no cloak)
rCorr   .            (no gloves)
SInv    .            (no boots)
Will    .....        (no amulet)
Stlth   +            e - ring of poison resistance
HPRegen 0.24/turn    b - ring of positive energy
MPRegen 0.10/turn

%: no passive effects
@: no status effects
A: no striking features
a: no special abilities


You were on level 3 of the Dungeon.
You visited 1 branch of the dungeon, and saw 3 of its levels.

You collected 153 gold pieces.


   Skills:
 - Level 1.5 Fighting
 + Level 8.9 Ranged Weapons
 - Level 2.4 Dodging
 - Level 1.2 Stealth


You had 4 spell levels left.
You didn't know any spells.
Your spell library was empty.

Inventory:

Hand Weapons
 Y - a +0 orcbow (weapon)
Armour
 i - a +0 ring mail (worn)
Jewellery
 a - a ring of poison resistance
 b - a ring of positive energy (right hand)
 e - a ring of poison resistance (left hand)
 g - a +4 ring of protection
Scrolls
 k - 2 scrolls of identify
Potions
 c - 2 potions of curing {unknown}
 d - a potion of ambrosia {unknown}
 f - a potion of resistance {unknown}
 h - a potion of mutation {unknown}

Dungeon Overview and Level Annotations

Branches:
Dungeon (3/15)

Altars:


Message History

Enter note:
2243 ||| FLEEEEING.
Enter note:
Enter note:
Enter note:
Enter note:
Enter note:
Enter note:
Enter note:
Enter note:
Enter note:
2244 ||| FLEEEEING.
2245 ||| FLEEEEING.
2246 ||| FLEEEEING.
You shoot an arrow.
The arrow hits the orc priest but does no damage.
The orc priest is lightly wounded.
You shoot an arrow.
The arrow completely misses the orc priest.
The orc priest mumbles some strange prayers to Beogh against you.
Beogh smites you!
Ouch! That really hurt!
You shoot an arrow.
The arrow closely misses the orc priest.
The arrow closely misses the orc.
You shoot an arrow.
The arrow hits the orc priest but does no damage.
The orc priest is lightly wounded.
You shoot an arrow.
The arrow hits the orc priest but does no damage.
The orc priest is lightly wounded.
You shoot an arrow. The arrow barely misses the orc priest.
The arrow hits the orc!
You kill the orc!
The orc priest hits you with a +0 club.
You shoot an arrow. The arrow barely misses the orc priest.
The orc priest hits you with a +0 club.
The orc priest invokes the aid of Beogh against you.
Beogh smites you!
You die...

################# #######
#..............(#######......
#.####.............##.......#
#.# ##.#######.##.##.#.###.. #.#
#.# #.##.##.#..oo.. ##.# #.#
#.##.##.#..##.. #..#
#.#######.#...#.o..#.#. #.##
#.##..@o)>..........##. #.#
#.##.####.#...###..###. #.#
##.##.# #.#...# #..# #. #<#
#.....## #.##.## #..# #.
###.#####...... ..##.# #..# #.
#.....<.#.##..# ####.# #..# #.
#.#.##.#..##..#######.####..###.
#.#.#.###.##...>............#..
#.#..## ##..............##.##.#


You could see an orc priest.

Vanquished Creatures
  Ijyb (D:3)
  An orc wizard (D:3)
  An adder (D:3)
  5 gnolls
  A worm (D:2)
  3 dart slugs (D:3)
  5 orcs (D:3)
  5 endoplasms
  A giant cockroach (D:3)
  13 goblins
  5 hobgoblins
  6 jackals
  2 quokkas
  2 ball pythons
  3 bats
  3 frilled lizards (D:1)
  2 kobolds
  5 rats
64 creatures vanquished.

Notes
Turn   | Place    | Note
-------+----------+-------------------------------------------
     0 | D:1      | qw the Deep Elf Hunter began the quest for the Orb.
     0 | D:1      | Reached XP level 1. HP: 12/12 MP: 3/3
     0 | D:1      | 0 ||| qw: Version: 0.3-a-9-g12657ce
     0 | D:1      | 0 ||| qw: Game counter: 3519
     0 | D:1      | 0 ||| qw: Always use a shield: true
     0 | D:1      | 0 ||| qw: God list: Okawaru
     0 | D:1      | 0 ||| qw: Allow faded altars: false
     0 | D:1      | 0 ||| qw: Do Orc after D:15 true
     0 | D:1      | 0 ||| qw: Do second Lair branch before Depths: true
     0 | D:1      | 0 ||| qw: Lair rune preference: random
     0 | D:1      | 0 ||| qw: Plans: Normal
     0 | D:1      | 0 ||| PLANNING D:1-11
   371 | D:1      | Reached skill level 6 in Ranged Weapons
   371 | D:1      | Reached XP level 2. HP: 14/16 MP: 4/4
   849 | D:1      | 849 ||| UPGRADING to ring of poison resistance.
   850 | D:1      | 850 ||| DROPPING scroll of butterflies.
   977 | D:2      | Identified the +10 sling "Killer Klown's Death" {drain,
                  | rElec}
   979 | D:2      | 979 ||| SWAPPING to +10 sling "Killer Klown's Death"
                  | {drain, rElec}.
   980 | D:2      | 980 ||| DROPPING +0 shortbow.
   994 | D:2      | Reached XP level 3. HP: 20/20 MP: 5/5
  1089 | D:2      | Reached skill level 7 in Ranged Weapons
  1094 | D:2      | Reached XP level 4. HP: 25/25 MP: 6/6
  1155 | D:2      | 1155 ||| SWAPPING to +0 orcbow.
  1156 | D:2      | 1156 ||| DROPPING +10 sling "Killer Klown's Death" {drain,
                  | rElec}.
  1472 | D:2      | 1472 ||| UPGRADING to +0 ring mail.
  1482 | D:2      | 1482 ||| DROPPING +0 leather armour.
  1483 | D:2      | 1483 ||| UPGRADING to ring of positive energy.
  1484 | D:2      | 1484 ||| READING scroll labelled PEABBA SEHOLU.
  1525 | D:2      | 1525 ||| READING scroll labelled HIEQAI BOLA.
  1526 | D:2      | 1526 ||| READING 2 scrolls labelled DUWNUUREWK.
  1723 | D:3      | Reached skill level 8 in Ranged Weapons
  1789 | D:3      | 1789 ||| Stepping ~*~*~tactically~*~*~ (outnumbered).
  1791 | D:3      | 1791 ||| Stepping ~*~*~tactically~*~*~ (outnumbered).
  1793 | D:3      | 1793 ||| Stepping ~*~*~tactically~*~*~ (outnumbered).
  1807 | D:3      | Reached XP level 5. HP: 28/29 MP: 7/7
  1875 | D:3      | Noticed Ijyb
  1889 | D:3      | Killed Ijyb
  2200 | D:3      | 2200 ||| FLEEEEING.
  2201 | D:3      | 2201 ||| FLEEEEING.
  2209 | D:3      | 2209 ||| FLEEEEING.
  2210 | D:3      | 2210 ||| FLEEEEING.
  2211 | D:3      | 2211 ||| FLEEEEING.
  2212 | D:3      | 2212 ||| FLEEEEING.
  2223 | D:3      | 2223 ||| FLEEEEING.
  2225 | D:3      | 2225 ||| FLEEEEING.
  2226 | D:3      | 2226 ||| FLEEEEING.
  2227 | D:3      | 2227 ||| FLEEEEING.
  2228 | D:3      | 2228 ||| FLEEEEING.
  2229 | D:3      | 2229 ||| FLEEEEING.
  2231 | D:3      | 2231 ||| FLEEEEING.
  2232 | D:3      | 2232 ||| FLEEEEING.
  2233 | D:3      | 2233 ||| FLEEEEING.
  2234 | D:3      | 2234 ||| FLEEEEING.
  2235 | D:3      | 2235 ||| FLEEEEING.
  2236 | D:3      | 2236 ||| FLEEEEING.
  2237 | D:3      | 2237 ||| FLEEEEING.
  2238 | D:3      | 2238 ||| FLEEEEING.
  2239 | D:3      | 2239 ||| FLEEEEING.
  2242 | D:3      | 2242 ||| FLEEEEING.
  2243 | D:3      | 2243 ||| FLEEEEING.
  2244 | D:3      | 2244 ||| FLEEEEING.
  2245 | D:3      | 2245 ||| FLEEEEING.
  2246 | D:3      | 2246 ||| FLEEEEING.
  2253 | D:3      | HP: 7/29 [orc priest/+0 club (4)]
  2253 | D:3      | Killed from afar by an orc priest

Levels and vault maps discovered:
D:1:      lemuel_arrival_behind_the_door_large, layout_loops_corners,
          lemuel_flame_loot_1
D:2:      layout_basic
D:3:      kennysheep_goblin_castle, layout_loops_ring,
          mainiacjoe_overflow_24_doors

Skill      XL: |  1  2  3  4 |
---------------+-------------+-----
Ranged Weapons | 6 7 8 |  8.9
Fighting       | |  1.5
Dodging        | |  2.4
Stealth        | |  1.2

Action                     |  1- 3 |  4- 6 || total
---------------------------+-------+-------++-------
   Fire: Shortbow          |    33 |       ||    33
         Sling             |    22 |     2 ||    24
         Orcbow            |       |    80 ||    80
    Use: Scroll            |       |     3 ||     3
 Armour: Ring mail         |       |     5 ||     5
  Dodge: Dodged            |       |    13 ||    13

Table legend:
 A = Non-vault XP
 B = Vault XP
 C = Vault XP percentage of total XP
 D = Non-vault monster count
 E = Vault monster count
 F = Vault count percentage of total count
                 A         B        C        D         E       F
            +---------+---------+-------+---------+---------+-------
      Total |     206 |      57 |  21.7 |      52 |      12 |  18.8
            +---------+---------+-------+---------+---------+-------
        D:1 |      35 |       0 |   0.0 |      16 |       0 |   0.0
        D:2 |      82 |       0 |   0.0 |      17 |       0 |   0.0
        D:3 |      89 |      57 |  39.0 |      19 |      12 |  38.7
            +---------+---------+-------+---------+---------+-------
